 Dungeon Crawl Stone Soup version 0.17-a0-1769-g54adf96 (webtiles) character file.

156 bonyfish the Shield-Bearer (level 5, -2/47 HPs)
             Began as a Minotaur Fighter on Sept 8, 2015.
             Was an Initiate of Qazlal.
             Slain by ScarrFisH's ghost (9 damage)
             ... on level 4 of the Dungeon.
             The game lasted 00:45:46 (3129 turns).

bonyfish the Shield-Bearer (Minotaur Fighter)       Turns: 3129, Time: 00:45:46

Health: -2/47      AC:  7    Str: 21    XL:     5   Next: 14%
Magic:  4/4        EV:  8    Int:  5    God:    Qazlal [......]
Gold:   151        SH:  0    Dex: 10    Spells: 0 memorised, 4 levels left

rFire  . . .     SeeInvis .     a - +0 flail
rCold  . . .     Clarity  .     b - +0 scale mail
rNeg   . . .     SustAt   .     c - +0 shield
rPois  .         Gourm    .     (helmet restricted)
rElec  .         Spirit   .     (no cloak)
rCorr  .         Warding  .     (no gloves)
rMut   .         Stasis   .     (no boots)
MR     .....                    (no amulet)
Stlth  ..........               (no ring)
                                (no ring)

@: confused, not resistant to hostile enchantments, extremely unstealthy
A: retaliatory headbutt, horns 2
a: Renounce Religion


You were on level 4 of the Dungeon.
You worshipped Qazlal.
Qazlal was noncommittal.
You were not hungry.

You visited 2 branches of the dungeon, and saw 5 of its levels.

You collected 151 gold pieces.

Inventory:

Hand weapons
 a - a +0 flail (weapon)
 s - a +0 morningstar
Armour
 b - a +0 scale mail (worn)
 c - a +0 shield (worn)
Scrolls
 h - 3 scrolls of identify
 j - 3 scrolls of remove curse
 k - 2 scrolls of blinking
 l - a scroll of magic mapping
 p - 3 scrolls of enchant weapon
 u - a scroll of enchant armour {unknown}
 v - a scroll of noise {unknown}
 w - a scroll of teleportation {unknown}
Potions
 d - a potion of might
 g - a potion of cancellation
 i - a potion of flight
 o - a potion of resistance
Books
 t - a book of Cantrips

   Spells                             Type                      Level
   a - Corona                         Hexes                        1
   b - Animate Skeleton               Necromancy                   1
   c - Summon Small Mammal            Summoning                    1
   d - Apportation                    Translocation                1
Comestibles
 e - 6 bread rations
 f - 2 royal jellies
 n - a meat ration
 q - 2 beef jerkies


   Skills:
 + Level 4.3 Fighting
 * Level 3.7 Maces & Flails
 + Level 4.4 Armour
 + Level 2.1 Dodging
 + Level 4.6 Shields


You had 4 spell levels left.
You didn't know any spells.

Dungeon Overview and Level Annotations

Branches:
Dungeon (4/15)             Temple (1/1) D:4

Altars:
Ashenzari
Dithmenos
Elyvilon
Gozag
Makhleb
Okawaru
Qazlal
Ru
Trog
Vehumet
Xom
Yredelemnul

Annotations:
D:3 1 runed door
D:4 ScarrFisH's ghost, average TrBe


Innate Abilities, Weirdness & Mutations

You reflexively headbutt those who attack you in melee.
You have a pair of horns on your head.


Message History

You completely miss ScarrFisH's ghost.
ScarrFisH's ghost is severely damaged.
You block ScarrFisH's ghost's attack. ScarrFisH's ghost hits you.
You sock ScarrFisH's ghost! Your headbutt misses ScarrFisH's ghost.
ScarrFisH's ghost is almost destroyed.
ScarrFisH's ghost hits you!
* * * LOW HITPOINT WARNING * * *
ScarrFisH's ghost hits you!
* * * LOW HITPOINT WARNING * * *
You feel better.
ScarrFisH's ghost hits you but does no damage.
You closely miss ScarrFisH's ghost.
ScarrFisH's ghost is almost destroyed.
ScarrFisH's ghost hits you.
* * * LOW HITPOINT WARNING * * *
You offer a prayer to Qazlal.
Qazlal is noncommittal.
You are confused.
You feel invigorated. ScarrFisH's ghost hits you!
You die...

...#...# +.'...'.....+ ...'...+
#.#...#....## ...###.#
#.#...####.#
+#...#.#####.#.....##.##
.'...#.......#.....#...#
.#...+.......'(....'...+
##...#+###'###.....#'####+####
####..........................
...+............@W............
##.#..........................
##'###+#....#+####'##'##+###+#
.......'....+....'.....'..+
...##.##.....##.##.#####+###+##
##.##.#..###.#####.###........#
#
.#.##.'.##._.≈♣##....#........#
+
.'....###≈...≈≈.##...#........+
#
.#.....#.≈.#..≈#.#...'........#
#


You could see ScarrFisH's ghost.

Vanquished Creatures
  7 gnolls (D:3)
  4 adders
  2 giant geckos
  6 bats
  8 hobgoblins
  A quokka (D:4)
  A giant cockroach (D:2)
  4 giant newts
  9 goblins
  A goblin skeleton (D:3)
  A jackal skeleton (D:3)
  7 kobolds
  A kobold skeleton (D:3)
  8 rats
60 creatures vanquished.

Notes
Turn   | Place    | Note
--------------------------------------------------------------
     0 | D:1      | bonyfish the Minotaur Fighter began the quest for the Orb.
     0 | D:1      | Reached XP level 1. HP: 19/19 MP: 0/0
   730 | D:1      | Reached XP level 2. HP: 27/27 MP: 1/1
  1029 | D:1      | Reached skill level 4 in Shields
  1037 | D:2      | Reached skill level 1 in Dodging
  1158 | D:2      | Found a sacrificial altar of Ru.
  1249 | D:2      | Reached XP level 3. HP: 33/33 MP: 2/2
  1621 | D:3      | Noticed a human
  1623 | D:3      | Found a runed door.
  1698 | D:3      | Found a basalt altar of Yredelemnul.
  1770 | D:3      | Reached XP level 4. HP: 40/40 MP: 3/3
  1838 | D:3      | Found a faded altar to an unknown god.
  1887 | D:3      | Reached XP level 5. HP: 29/46 MP: 4/4
  2220 | D:4      | Found a shimmering altar of Xom.
  2221 | D:4      | Found a shimmering altar of Xom.
  2349 | D:4      | Found a shimmering altar of Xom.
  2351 | D:4      | Found a shimmering altar of Xom.
  2490 | D:4      | Found a staircase to the Ecumenical Temple.
  2505 | Temple   | Entered the Ecumenical Temple
  2756 | Temple   | Became a worshipper of Qazlal Stormbringer
  3108 | D:4      | Noticed ScarrFisH's ghost (average TrBe)
  3124 | D:4      | HP: 1/47 [ScarrFisH's ghost (7)]
  3129 | D:4      | Slain by ScarrFisH's ghost

Vault maps used:
D:1:      elethiomel_arrival_shortcut
D:2:      first_bread, nicolae_ru_path_of_blood
D:3:      ecumenical_altar_2, grunt_ministairs_8, dk_yredelemnul_ordeal
D:4:      xom_redecorated, nemelex_xobeh_ov_fountains_minmay,
          minmay_temple_entry_statues_pillars
Temple:   triangle_lava_temple_11

Action                   |  1- 3 |  4- 6 || total
-------------------------+-------+-------++-------
Melee: Flail             |    86 |    75 ||   161
  Use: Scroll            |     8 |     1 ||     9
       Potion            |       |     5 ||     5
  Eat: Chunk             |     1 |       ||     1
       Bread ration      |     1 |     1 ||     2
